 Dungeon Crawl Stone Soup version 0.30-a0-634-g8abc85282e (webtiles) character file.

Game seed: 3834493111549546668

1551 Trevise the Skirmisher (level 9, -4/51 HPs)
             Began as a Kobold Hunter on Jan 15, 2023.
             Was a Follower of Hepliaklqana.
             Slain by a wyvern (16 damage)
             ... on level 6 of the Dungeon.
             The game lasted 00:11:55 (5843 turns).

Trevise the Skirmisher (Kobold Hunter)              Turns: 5843, Time: 00:11:55

Health: -4/51      AC:  6    Str: 20    XL:     9   Next: 12%
Magic:  9/9        EV: 16    Int: 10    God:    Hepliaklqana [*.....]
Gold:   350        SH:  0    Dex: 23    Spells: 8/8 levels left

rFire   . . .      SeeInvis .    a - +1 shortbow
rCold   . . .      Faith    .    (shield currently unavailable)
rNeg    . . .      Spirit   .    c - +0 leather armour
rPois   .          Reflect  .    k - +1 helmet
rElec   .          Harm     .    (no cloak)
rCorr   .          Rampage  .    g - +0 pair of gloves
Will    .....                    (no boots)
Stlth   +++                      e - amulet of regeneration
HPRegen 1.08/turn                f - +6 ring of strength
MPRegen 0.11/turn                h - +6 ring of strength

@: no status effects
A: reduced essence, small, no large weapons, nightstalker 3
a: Renounce Religion, Recall Ancestor, Ancestor Identity


You were on level 6 of the Dungeon.
You worshipped Hepliaklqana.
Hepliaklqana was aware of your devotion.
You visited 2 branches of the dungeon, and saw 7 of its levels.

You collected 350 gold pieces.

Inventory:

Hand Weapons
 a - a +1 shortbow (weapon)
Missiles
 i - 14 poisoned darts
 s - 21 stones
 x - a curare-tipped dart
Armour
 c - a +0 leather armour (worn)
 g - a +0 pair of gloves (worn)
   (You found it on level 1 of the Dungeon)
 k - a +1 helmet (worn)
   (You found it on level 2 of the Dungeon)
 q - the +1 pair of gloves of Wasted Space {rF- Str+6}
   (You found it on level 2 of the Dungeon)

   Str:       It affects your strength (+6).
   rF:        It makes you vulnerable to fire.
Jewellery
 e - an amulet of regeneration (around neck)
   (You found it on level 1 of the Dungeon)
 f - a +6 ring of strength (left hand)
   (You found it on level 1 of the Dungeon)
 h - a +6 ring of strength (right hand)
   (You found it on level 3 of the Dungeon)
 o - an amulet of faith
   (You found it on level 4 of the Dungeon)
 I - a +6 ring of intelligence
   (You found it on level 5 of the Dungeon)
Scrolls
 b - a scroll of enchant weapon
 d - 4 scrolls of identify {@r1}
 n - a scroll of fog
 r - a scroll of summoning {unknown}
 u - a scroll of teleportation {unknown}
 v - a scroll of acquirement {unknown}
 w - a scroll of enchant armour
 D - a scroll of blinking {!r}
 K - 2 scrolls of immolation {!r}
Potions
 j - a potion of ambrosia {unknown}
 l - 3 potions of heal wounds {unknown}
 m - a potion of might {unknown}
 p - a potion of brilliance {unknown}
 t - a potion of lignification {unknown}
 J - 3 potions of curing {@q1}
 L - a potion of flight
 U - a potion of mutation {!q}


   Skills:
 + Level 7.1 Fighting
 * Level 12.3 Ranged Weapons
 - Level 2.9 Dodging
 - Level 2.2 Stealth


You had 8 spell levels left.
You didn't know any spells.
Your spell library contained the following spells:

 Spells                   Type           Power      Damage    Failure   Level
 Olgreb's Toxic Radiance  Pois           0%         N/A       99%         4
 Ozocubu's Refrigeration  Ice            0%         4d7       100%        7
 Ignition                 Fire           0%         3d3       100%        8


Dungeon Overview and Level Annotations

Branches:
Dungeon (6/15)             Temple (1/1) D:4

Altars:
Ashenzari
Cheibriados
Dithmenos
Elyvilon
Fedhas
Gozag
Hepliaklqana
Makhleb
Nemelex Xobeh
Okawaru
Qazlal
Ru
Sif Muna
Trog
Uskayaw
Vehumet
Xom
Yredelemnul
The Shining One

Shops:
D:6 *

Annotations:
D:6 Blork the orc


Innate Abilities, Weirdness & Mutations

Your life essence is reduced to manifest your ancestor. (-10% HP)
You are small and have problems with some larger weapons.
You are completely attuned to the shadows.


Message History

The kobold brigand shouts!
You shoot an arrow.
The arrow barely misses the kobold brigand.
The teleport trap disappears.
The kobold brigand disappears!
No target in view!
Found a shadowy altar of Dithmenos.
A kobold brigand is nearby!
You shoot an arrow. The arrow hits the kobold brigand!
The kobold brigand throws a curare-tipped dart.
The curare-tipped dart closely misses you.
You shoot an arrow.
The arrow hits the kobold brigand but does no damage.
You shoot an arrow.
The arrow barely misses the kobold brigand.
You swap places.
You shoot an arrow. Ingwe avoids your attack.
The arrow hits the kobold brigand.
Ingwe hits the kobold brigand.
The kobold brigand throws a curare-tipped dart.
The curare-tipped dart hits Ingwe.
You shoot an arrow. Ingwe avoids your attack.
The arrow completely misses the kobold brigand.
Ingwe hits the kobold brigand.
The kobold brigand barely misses Ingwe.
You shoot an arrow. Ingwe avoids your attack.
The arrow hits the kobold brigand!
You kill the kobold brigand!
Your Fighting skill increases to level 7!
Health restored: 51 You swap places.
x - a curare-tipped dart You now have 350 gold pieces (gained 21).
Things that are here:
a +1 short sword of holy wrath; a kobold corpse You swap places.
You open the door.
Found a blossoming altar of Fedhas.
Found an escape hatch in the floor.
There is an escape hatch in the floor here.
A wight is nearby!
You shoot an arrow.
The arrow hits the wight but does no damage.
You shoot an arrow. The arrow hits the wight!
You shoot an arrow. The arrow hits the wight.
You destroy the wight!
Things that are here:
a +1 vampiric hand axe; the +0 leather armour of the Game Afoot {rN+ Will- Regen+} No target in view!
You pick up the Unrestrained Analects and begin reading...
You add the spells Olgreb's Toxic Radiance, Ozocubu's Refrigeration and Ignition to your library.
Okay, then.
Blork the orc comes into view.
He is wielding a +0 scimitar.
An orc comes into view.
It is wielding a +0 flail of holy wrath.
You start waiting.
A wyvern is nearby!
You shoot an arrow. Ingwe avoids your attack.
The arrow hits the wyvern.
You hear a shout!
You shoot an arrow. Ingwe avoids your attack.
The arrow hits the wyvern.
The wyvern completely misses Ingwe.
You shoot an arrow. Ingwe avoids your attack.
The arrow barely misses the wyvern.
You hear a shout!
The wyvern barely misses Ingwe.
Ingwe completely misses the wyvern.
The wyvern bites Ingwe!!
You shoot an arrow. Ingwe avoids your attack.
The arrow hits the wyvern.
Ingwe hits the wyvern but does no damage.
The wyvern closely misses Ingwe.
You shoot an arrow. Ingwe avoids your attack.
The arrow completely misses the wyvern.
The arrow barely misses Blork the orc.
The wyvern hisses menacingly.
The wyvern bites Ingwe!
Ingwe hits the wyvern but does no damage.
Okay, then.
Okay, then.
The wyvern bites Ingwe!
Ingwe is destroyed!
Blork the orc looks braver for a moment.
The wyvern attacks as you move away! The wyvern bites you!
The wyvern barely misses you.
You take 10 damage, and have 41/51 hp.
The wyvern attacks as you move away! The wyvern misses you.
The wyvern attacks as you move away! The wyvern completely misses you.
The wyvern bites you.
You take 2 damage, and have 40/51 hp.
The wyvern bites you.
You take 2 damage, and have 39/51 hp.
You shoot an arrow.
The arrow hits the wyvern but does no damage.
The wyvern barely misses you.
Blork the orc begins to cast a cantrip, but forgets the words!
You shoot an arrow. The arrow hits the wyvern!
The wyvern bites you!
You take 13 damage, and have 27/51 hp.
MASSIVE DAMAGE!!
The wyvern bites you!
* * * LOW HITPOINT WARNING * * *
You take 16 damage, and have 11/51 hp.
MASSIVE DAMAGE!!
Fire: a) +1 shortbow
Aim: a wyvern (almost dead, 72% to hit)
You shoot an arrow. The arrow hits the wyvern.
The wyvern bites you!
You die...

...)[#'#..#
.....#_#..#
.....#'#..#
..........#
..###...o.#
.####.#.#.#
>.....#.#.#
#######)#.###########
........#....o.l@....
..###################
..# ..# ###


You could see Blork the orc and a wyvern.

Vanquished Creatures
  Sigmund (D:5)
  A water moccasin (D:5)
  A sky beast (D:6)
  An ice beast (D:6)
  A kobold brigand (D:6)
  2 bullfrogs
  A necrophage (D:4)
  2 scorpions
  2 wights (D:6)
  A howler monkey (D:4)
  An orc priest (D:3)
  A hound (D:4)
  3 jellies
  An orc wizard (D:4)
  An iguana (D:4)
  Natasha (thrice) (D:4)
  8 gnolls
  2 adders
  2 shadow imps (D:6)
  A worm (D:2)
  3 dart slugs
  6 orcs
  5 ball pythons
  2 bats (D:2)
  5 endoplasms
  2 giant cockroaches
  2 hobgoblins (D:2)
  3 jackals (D:1)
  6 goblins
  3 kobolds
  3 rats (D:1)
  A spectral orc (D:3)
77 creatures vanquished.

Vanquished Creatures (collateral kills)
  A gnoll sergeant (D:6)
  A jelly (D:6)
  An iguana (D:6)
  2 gnolls (D:6)
  An adder (D:6)
6 creatures vanquished.

Vanquished Creatures (others)
  3 ancestors (D:6)
  A fungus (D:2)
  11 plants (D:2)
15 creatures vanquished.

Grand Total: 98 creatures vanquished

Notes
Turn   | Place    | Note
-------+----------+-------------------------------------------
     0 | D:1      | Trevise the Kobold Hunter began the quest for the Orb.
     0 | D:1      | Reached XP level 1. HP: 12/12 MP: 1/1
   237 | D:1      | Reached skill level 2 in Stealth
   237 | D:1      | Reached XP level 2. HP: 18/18 MP: 2/2
   496 | D:1      | Reached XP level 3. HP: 22/22 MP: 3/3
  1032 | D:2      | Found a faded altar of an unknown god.
  1126 | D:2      | Reached skill level 6 in Ranged Weapons
  1484 | D:2      | Identified the +1 pair of gloves of Wasted Space {rF-
                  | Str+6}
  1498 | D:2      | Reached skill level 3 in Fighting
  1498 | D:2      | Reached XP level 4. HP: 28/28 MP: 4/4
  2288 | D:3      | Found an iron altar of Okawaru.
  2293 | D:3      | Found an opulent altar of Gozag.
  2554 | D:3      | Reached XP level 5. HP: 32/32 MP: 5/5
  2807 | D:3      | Found a basalt altar of Yredelemnul.
  2977 | D:4      | Noticed Natasha
  2999 | D:4      | Reached skill level 7 in Ranged Weapons
  3004 | D:4      | Killed Natasha
  3179 | D:4      | Reached XP level 6. HP: 38/38 MP: 6/6
  3258 | D:4      | Reached skill level 4 in Fighting
  3258 | D:4      | Reached skill level 8 in Ranged Weapons
  3309 | D:4      | Found a staircase to the Ecumenical Temple.
  3315 | Temple   | Entered the Ecumenical Temple
  3401 | Temple   | Became a worshipper of Hepliaklqana the Forgotten
  3440 | D:4      | Noticed Natasha
  3444 | D:4      | Killed Natasha
  3610 | D:4      | Noticed Natasha
  3614 | D:4      | Killed Natasha
  3946 | D:5      | Entered Level 5 of the Dungeon
  3952 | D:5      | Reached XP level 7. HP: 43/44 MP: 7/7
  4014 | D:5      | Noticed a water moccasin
  4022 | D:5      | Killed a water moccasin
  4023 | D:5      | Reached skill level 5 in Fighting
  4023 | D:5      | Reached skill level 9 in Ranged Weapons
  4183 | D:5      | Noticed Sigmund
  4805 | D:5      | Killed Sigmund
  4806 | D:5      | Reached skill level 10 in Ranged Weapons
  4806 | D:5      | Reached XP level 8. HP: 51/51 MP: 8/8
  4991 | D:5      | Reached * piety under Hepliaklqana
  5080 | D:6      | Identified the +6 hammer of Woe {drain, Int+4}
  5110 | D:6      | Found Gisuwki's Goods Gallery.
  5194 | D:6      | Found a snail-covered altar of Cheibriados.
  5259 | D:6      | Reached skill level 6 in Fighting
  5300 | D:6      | OTABOTABOTAB: lol u ded
  5319 | D:6      | Reached skill level 11 in Ranged Weapons
  5598 | D:6      | Noticed a wyvern
  5682 | D:6      | Reached skill level 12 in Ranged Weapons
  5682 | D:6      | Reached XP level 9. HP: 48/50 MP: 9/9
  5716 | D:6      | Found a shadowy altar of Dithmenos.
  5758 | D:6      | Reached skill level 7 in Fighting
  5771 | D:6      | Found a blossoming altar of Fedhas.
  5782 | D:6      | Identified the +0 leather armour of the Game Afoot {rN+
                  | Will- Regen+}
  5800 | D:6      | Noticed Blork the orc
  5842 | D:6      | HP: 11/51 [wyvern (17)]
  5843 | D:6      | Slain by a wyvern

Illustrated notes

Levels and vault maps discovered:
D:1:      zelgadis_glass_arrival_small, layout_loops_corners
D:2:      layout_basic, shapermc_ecumenical_altar_mp_ritualfount,
          hex_intersection, corexii_hall_statues_x
D:3:      layout_basic, grunt_temple_overflow_open,
          yredelemnul_forgotten_temple_becter, serial_corexii_hall,
          corexii_hall_statues_x, corexii_hall_statues_x,
          minmay_misc_feat_diagonals, grunt_decor_arrowhead
D:4:      layout_basic, temple_hall, uniq_natasha
D:5:      layout_layer_cave, uniq_sigmund
D:6:      layout_basic, kennysheep_mini_moat, marbit_many_paths,
          lemuel_tele_altar, nicolae_alphabet_shops, grunt_tough_drop,
          uniq_blork_the_orc, uniq_crazy_yiuf_cottage
Temple:   nicolae_temple_god_jail

Skill      XL: |  1  2  3  4  5  6  7  8  9 |
---------------+----------------------------+-----
Stealth        | 2 |  2.2
Ranged Weapons | 6 7 8 10 12 | 12.3
Fighting       | 3 4 5 6 7 |  7.1
Dodging        | |  2.9

Action                   |  1- 3 |  4- 6 |  7- 9 || total
-------------------------+-------+-------+-------++-------
 Fire: Shortbow          |    57 |    78 |   137 ||   272
  Use: Scroll            |       |    12 |     2 ||    14
Armor: Leather armour    |     4 |     4 |    16 ||    24
Dodge: Dodged            |    18 |    20 |    76 ||   114

Table legend: (Time is in decaauts)
 A = Elapsed time spent in this place.
 B = Non-inter-level travel time spent in this place.
 C = Inter-level travel time spent in this place.
 D = Time resting spent in this place.
 E = Time spent auto-exploring this place.
 F = Levels seen in this place.
 G = Mean time per level.
                   A        B        C        D        E       F      G
               +--------+--------+--------+--------+--------+-----+--------+
         Total |   5867 |   5679 |    188 |    245 |   4690 |   7 |  838.1 |
       Dungeon |   5771 |   5606 |    165 |    245 |   4628 |   6 |  961.8 |
        Temple |     95 |     72 |     23 |      0 |     62 |   1 |   95.0 |
               +--------+--------+--------+--------+--------+-----+--------+

Top non-repeatable levels by time:
     D:4: 1090 daAuts
     D:2: 1079 daAuts
     D:1: 1026 daAuts
     D:5: 960 daAuts
     D:3: 820 daAuts
     D:6: 794 daAuts
  Temple: 95 daAuts

Table legend:
 A = Kills in this place as a percentage of kills in entire the game.
 B = Kills by you in this place as a percentage of kills by you in the entire game.
 C = Kills by friends in this place as a percentage of kills by friends in the entire game.
 D = Other kills in this place as a percentage of other kills in the entire game.
 E = Experience gained in this place as a percentage of experience gained in the entire game.
 F = Experience gained in this place divided by the number of levels of this place that you have seen.
                   A       B       C       D       E      F
               +-------+-------+-------+-------+-------+----------------------
         Total | 100.0 | 100.0 | 100.0 |   N/A | 100.0 | 316.6
       Dungeon | 100.0 | 100.0 | 100.0 |   N/A | 100.0 | 369.3
               +-------+-------+-------+-------+-------+----------------------
